Penguins vs Devils (R1)

Created - March 22, 2021 at 20:28

Goals
1 2 3 OT1 SO T
Penguins 2 1 1 0 2 5
Devils 1 3 0 0 1 4
Shots
1 2 3 OT1 SO T
Penguins 7 5 9 1 3 22
Devils 8 8 9 0 3 25

1st period

1. Penguins , Joe Colborne 8 (Daniel Carcillo 13, Cal Clutterbuck 9) at 4:59
2. Penguins , Sean Zimmerman 8 (Nikita Kucherov 41, Steven Stamkos 50) at 19:00 (PP)
3. Devils , Tyler Ennis 39 (Marian Gaborik 49, Nazem Kadri 58) at 19:06

Penalties :
Eric Tangradi (NJD) for Elbowing (Minor) at 1:45, Keith Aulie (Pit) for Hooking (Minor) at 7:33, Cal Clutterbuck (Pit) for Tripping (Minor) at 16:24, Brad Richardson (NJD) for Tripping (Minor) at 18:48

2nd period

4. Penguins , Joe Colborne 9 (Cal Clutterbuck 10, Gilbert Brule 33) at 0:55
5. Devils , Brad Richards 19 (Mike Weber 5, Thomas Hickey 8) at 12:00
6. Devils , Marian Gaborik 27 (Tyler Ennis 42, Anton Stralman 21) at 12:16
7. Devils , Brad Richards 20 (Anton Stralman 22, Kristopher Letang 23) at 18:22 (PP)

Penalties :
Jeff Skinner (Pit) for Boarding (Minor) at 16:54

3rd period

8. Penguins , Mark Stone 9 (Keith Aulie 29, Danny DeKeiser 24) at 5:23

Penalties :
Andrew Cogliano (Pit) for Hooking (Minor) at 0:10, Steven Stamkos (Pit) for Holding (Minor) at 8:59, Mark Stone (Pit) for Tripping (Minor) at 16:55

Overtime #1

No Goal

Penalties :
No Penalty

Shootout

Penguins, Nikita Kucherov - Shot Misses the Net
Devils, Marian Gaborik - Goal!
Penguins, Steven Stamkos - Goal!
Devils, Tyler Ennis - Stopped by Michal Neuvirth
Penguins, Andrew Cogliano - Goal!
Devils, Brad Richards - Stopped by Michal Neuvirth

Penalties :
No Penalty

Goalie Stats

Michal Neuvirth (Pit), 21 saves from 25 shots - (0.840), W, 28-20-6, 65:00 minutes
Maxime Daigneault (NJD), 18 saves from 22 shots - (0.818), OTL, 31-15-7, 65:00 minutes

Players Stats for Penguins

Player Name              G  A  P  +/- PIM S  H  SB GA TA FO     MP     PP MP  PK MP  
------------------------------------------------------------------------------------
Alexei Marchenko         0  0  0   1  0   1  2  1  0  0  0/0    17:14   0:00   3:58 
Andreas Martinsen        0  0  0   1  0   0  2  0  0  0  1/1     8:12   0:00   0:14 
Andrew Cogliano          0  0  0  -3  2   3  1  0  1  1  1/2    21:08   1:27   2:41 
Cal Clutterbuck          0  2  2   2  2   1  1  0  0  0  1/1    13:07   0:00   2:03 
Daniel Carcillo          0  1  1   2  0   4  0  2  0  0  0/0    17:57   0:00   6:25 
Danny DeKeiser           0  1  1   1  0   0  2  2  0  1  0/0    21:10   0:46   3:58 
Gilbert Brule            0  1  1   0  0   1  3  1  1  0  5/8    16:16   0:44   2:00 
Jake McCabe              0  0  0   1  0   1  2  0  1  1  0/0    14:59   0:46   0:00 
Jeff Schultz             0  0  0   0  0   0  1  0  0  1  0/0    24:31   0:00   7:25 
Jeff Skinner             0  0  0   0  2   0  1  0  1  0  0/0    13:58   0:44   0:00 
Joe Colborne             2  0  2   2  0   3  2  1  0  0  3/5    14:26   0:00   3:21 
Keith Aulie              0  1  1  -1  2   0  3  0  0  0  0/0    22:35   1:25   0:00 
Marcus Foligno           0  0  0   0  0   1  4  0  0  0  0/0    12:54   0:00   0:00 
Mark Stone               1  0  1   1  2   1  0  0  0  0  0/0     8:56   0:44   0:00 
Nikita Kucherov          0  1  1  -3  0   1  3  1  2  1  0/0    18:39   1:27   0:00 
Sean Monahan             0  0  0   1  0   3  1  0  1  0  0/2     8:14   0:00   0:18 
Sean Zimmerman           1  0  1  -2  0   1  2  2  0  0  0/0    29:37   1:25   7:25 
Steven Stamkos           0  1  1  -3  2   1  3  1  2  0  25/40  24:38   1:27   5:44 

Players Stats for Devils

Player Name              G  A  P  +/- PIM S  H  SB GA TA FO     MP     PP MP  PK MP  
------------------------------------------------------------------------------------
Anton Stralman           0  2  2   0  0   0  2  2  1  0  0/0    27:20   6:10   1:16 
Brad Richards            2  0  2   0  0   5  0  0  0  0  3/6    16:06   4:56   0:00 
Brad Richardson          0  0  0   0  2   0  0  0  0  0  0/0     7:42   0:00   0:00 
Chris Stewart            0  0  0  -1  0   3  2  0  0  0  0/0    18:34   4:56   0:00 
Eric Tangradi            0  0  0   0  2   0  0  0  1  0  0/0     7:50   0:00   0:00 
Jamie Arniel             0  0  0  -1  0   1  0  0  0  0  3/8    14:19   0:05   0:44 
Josh Gorges              0  0  0  -1  0   0  0  1  0  1  0/0    24:20   5:13   1:16 
Kristopher Letang        0  1  1   0  0   1  2  1  0  1  0/0    26:04   6:10   0:00 
Marian Gaborik           1  1  2   1  0   5  0  0  0  0  0/1    23:26   6:27   0:00 
Martin Samuelsson        0  0  0   0  0   0  0  0  0  1  1/3    12:11   0:00   1:27 
Michael Del Zotto        0  0  0  -1  0   0  0  1  0  0  0/0    24:02   5:13   0:55 
Mike Weber               0  1  1   1  0   0  1  0  0  1  0/0    14:36   0:00   0:55 
Nazem Kadri              0  1  1   1  0   3  0  0  0  2  12/24  16:07   0:00   0:00 
Nick Bonino              0  0  0   0  0   0  0  0  1  0  1/1     7:08   0:00   0:00 
Patrick Kaleta           0  0  0   0  0   0  1  0  0  0  2/11   18:32   6:22   1:27 
Thomas Hickey            0  1  1   1  0   1  2  2  0  1  0/0    13:38   0:00   0:00 
Tyler Ennis              1  1  2   1  0   5  1  2  1  1  0/3    24:29   6:27   0:00 
Zach Parise              0  0  0  -1  0   1  4  0  1  1  1/2    21:23   4:56   0:44 

3 Stars

1 - Joe Colborne (Pit)
2 - Brad Richards (NJD)
3 - Tyler Ennis (NJD)

Power Play

Penguins - 1 on 2 Attempt(s) - 50.00%
Devils - 1 on 6 Attempt(s) - 16.67%

Penalty Kill

Penguins - 5 on 6 Attempt(s) - 83.33% - Score 0 goal in Penalty Kill
Devils - 1 on 2 Attempt(s) - 50.00% - Score 0 goal in Penalty Kill

Team Stat

Penguins - Hits : 33 - Faceoff Wins : 36 - Blocked Shots : 11 - Penalty Minutes : 12
Devils - Hits : 15 - Faceoff Wins : 23 - Blocked Shots : 9 - Penalty Minutes : 4

Official

Referees : Unknown
Linesman : Unknown

Game Notes

No Game Note

Finance

Level 1 -- Attendance: 6000 (100.00%) -- Ticket Income $630,000
Level 2 -- Attendance: 4841 (96.82%) -- Ticket Income $314,665
Level 3 -- Attendance: 1902 (95.10%) -- Ticket Income $76,080
Level 4 -- Attendance: 3382 (84.55%) -- Ticket Income $101,460
Luxury Box -- Attendance: 1000 (100.00%) -- Ticket Income $180,000
Game was played at the The Pack Center.
Total Attendance: 17125 (95.14%)
Total Ticket Income: $1,302,205
Other Income: $195,331
Total Income: $1,497,536

Penguins

5 vs 5 Forward 
   Center                   Left Wing                Right Wing               Time % Phy DF OF 
 1 Steven Stamkos           Andrew Cogliano          Nikita Kucherov          40     0   2  3  
 2 Gilbert Brule            Jeff Skinner             Marcus Foligno           30     0   2  3  
 3 Joe Colborne             Daniel Carcillo          Cal Clutterbuck          20     0   2  3  
 4 Sean Monahan             Andreas Martinsen        Mark Stone               10     0   2  3  

5 vs 5 Defense 
   Defense                  Defense                                           Time % Phy DF OF 
 1 Sean Zimmerman           Keith Aulie                                       40     1   2  2  
 2 Jeff Schultz             Danny DeKeiser                                    30     1   2  2  
 3 Alexei Marchenko         Jake McCabe                                       20     1   2  2  
 4 Sean Zimmerman           Keith Aulie                                       10     1   2  2  

PowerPlay Forward 
   Center                   Left Wing                Right Wing               Time % Phy DF OF 
 1 Steven Stamkos           Andrew Cogliano          Nikita Kucherov          60     0   1  4  
 2 Gilbert Brule            Jeff Skinner             Mark Stone               40     0   1  4  

PowerPlay Defense
   Defense                  Defense                                           Time % Phy DF OF 
 1 Sean Zimmerman           Keith Aulie                                       60     0   2  3  
 2 Jake McCabe              Danny DeKeiser                                    40     0   2  3  

Penalty Kill 4 Players Forward 
   Center                   Wing                     Time % Phy DF OF 
 1 Steven Stamkos           Daniel Carcillo          60     1   3  1  
 2 Joe Colborne             Cal Clutterbuck          40     1   3  1  

Penalty Kill 4 Players Defense
   Defense                  Defense                  Time % Phy DF OF 
 1 Sean Zimmerman           Jeff Schultz             60     1   3  1  
 2 Danny DeKeiser           Alexei Marchenko         40     1   3  1  

Penalty Kill - 3 Players Forward 
   Forward                                           Time % Phy DF OF 
 1 Daniel Carcillo                                   60     1   3  1  
 2 Cal Clutterbuck                                   40     1   3  1  

Penalty Kill - 3 Players Defense
   Defense                  Defense                  Time % Phy DF OF 
 1 Sean Zimmerman           Jeff Schultz             60     1   3  1  
 2 Danny DeKeiser           Alexei Marchenko         40     1   3  1  

4 vs 4 Forward 
   Center                   Wing                     Time % Phy DF OF 
 1 Steven Stamkos           Nikita Kucherov          60     0   2  3  
 2 Gilbert Brule            Andrew Cogliano          40     0   2  3  

4 vs 4 Defense
   Defense                  Defense                  Time % Phy DF OF 
 1 Sean Zimmerman           Keith Aulie              60     1   2  2  
 2 Jeff Schultz             Danny DeKeiser           40     1   2  2  

Last Minutes Offensive
   Center                   Left Wing                Right Wing               Defense                  Defense                  
   Steven Stamkos           Andrew Cogliano          Nikita Kucherov          Sean Zimmerman           Keith Aulie              

Last Minutes Defensive
   Center                   Left Wing                Right Wing               Defense                  Defense                  
   Steven Stamkos           Daniel Carcillo          Cal Clutterbuck          Sean Zimmerman           Jeff Schultz             

Goaltenders
Starting : Michal Neuvirth          
Backup : Sergei Bobrovsky         

Extra Forwards
Normal : Steven Stamkos, Jeff Skinner, Marcus Foligno - PP : Steven Stamkos, Andrew Cogliano - PK : Daniel Carcillo
Extra Defensemen
Normal : Sean Zimmerman, Keith Aulie, Jake McCabe - PP : Keith Aulie - PK : Sean Zimmerman, Jeff Schultz
Penalty Shots
Nikita Kucherov, Steven Stamkos, Andrew Cogliano, Gilbert Brule, Jeff Skinner

Scratches
Marian Hossa (Healthy), Shea Weber (Left Ankle Injury)

Devils

5 vs 5 Forward 
   Center                   Left Wing                Right Wing               Time % Phy DF OF 
 1 Nazem Kadri              Tyler Ennis              Marian Gaborik           36     0   2  3  
 2 Jamie Arniel             Zach Parise              Chris Stewart            32     0   2  3  
 3 Brad Richards            Martin Samuelsson        Patrick Kaleta           22     0   2  3  
 4 Nick Bonino              Eric Tangradi            Brad Richardson          10     0   2  3  

5 vs 5 Defense 
   Defense                  Defense                                           Time % Phy DF OF 
 1 Kristopher Letang        Anton Stralman                                    40     0   3  2  
 2 Michael Del Zotto        Josh Gorges                                       35     0   3  2  
 3 Thomas Hickey            Mike Weber                                        25     0   3  2  
 4 Kristopher Letang        Anton Stralman                                    0      1   2  2  

PowerPlay Forward 
   Center                   Left Wing                Right Wing               Time % Phy DF OF 
 1 Patrick Kaleta           Tyler Ennis              Marian Gaborik           60     0   1  4  
 2 Brad Richards            Zach Parise              Chris Stewart            40     0   1  4  

PowerPlay Defense
   Defense                  Defense                                           Time % Phy DF OF 
 1 Kristopher Letang        Anton Stralman                                    60     0   1  4  
 2 Michael Del Zotto        Josh Gorges                                       40     0   1  4  

Penalty Kill 4 Players Forward 
   Center                   Wing                     Time % Phy DF OF 
 1 Martin Samuelsson        Patrick Kaleta           60     1   3  1  
 2 Jamie Arniel             Zach Parise              40     1   3  1  

Penalty Kill 4 Players Defense
   Defense                  Defense                  Time % Phy DF OF 
 1 Anton Stralman           Josh Gorges              60     1   4  0  
 2 Michael Del Zotto        Mike Weber               40     1   4  0  

Penalty Kill - 3 Players Forward 
   Forward                                           Time % Phy DF OF 
 1 Zach Parise                                       60     1   3  1  
 2 Brad Richards                                     40     1   3  1  

Penalty Kill - 3 Players Defense
   Defense                  Defense                  Time % Phy DF OF 
 1 Kristopher Letang        Anton Stralman           60     1   4  0  
 2 Mike Weber               Josh Gorges              40     1   4  0  

4 vs 4 Forward 
   Center                   Wing                     Time % Phy DF OF 
 1 Zach Parise              Tyler Ennis              60     0   2  3  
 2 Brad Richards            Marian Gaborik           40     0   2  3  

4 vs 4 Defense
   Defense                  Defense                  Time % Phy DF OF 
 1 Kristopher Letang        Anton Stralman           60     0   3  2  
 2 Michael Del Zotto        Josh Gorges              40     0   3  2  

Last Minutes Offensive
   Center                   Left Wing                Right Wing               Defense                  Defense                  
   Nazem Kadri              Tyler Ennis              Marian Gaborik           Kristopher Letang        Michael Del Zotto        

Last Minutes Defensive
   Center                   Left Wing                Right Wing               Defense                  Defense                  
   Jamie Arniel             Zach Parise              Patrick Kaleta           Josh Gorges              Anton Stralman           

Goaltenders
Starting : Maxime Daigneault        
Backup : Thomas McCollum          

Extra Forwards
Normal : Brad Richards, Patrick Kaleta, Martin Samuelsson - PP : Jamie Arniel, Patrick Kaleta - PK : Brad Richards
Extra Defensemen
Normal : Kristopher Letang, Mike Weber, Michael Del Zotto - PP : Michael Del Zotto - PK : Kristopher Letang, Anton Stralman
Penalty Shots
Marian Gaborik, Tyler Ennis, Brad Richards, Chris Stewart, Zach Parise

Scratches
Matt Donovan (Healthy)

% Time on Ice - Penguins

Lines # - Real PCT - Wanted PCT - Time Play
Normal Forward
1 - 34% - 40% - 15:54
2 - 25% - 30% - 11:46
3 - 24% - 20% - 10:56
4 - 17% - 10% - 7:50
Normal Defense
1 - 40% - 40% - 18:45
2 - 31% - 30% - 14:13
3 - 27% - 20% - 12:20
4 - 2% - 10% - 1:08
PP Forward
1 - 66% - 60% - 1:27
2 - 34% - 40% - 0:44
PP Defense
1 - 65% - 60% - 1:25
2 - 35% - 40% - 0:46
PK Forward
1 - 77% - 60% - 8:44
2 - 23% - 40% - 2:39
PK Defense
1 - 65% - 60% - 7:25
2 - 35% - 40% - 3:58
PK3 Forward
1 - 0% - 60%
2 - 0% - 40%
PK3 Defense
1 - 0% - 60%
2 - 0% - 40%
44 Forward
1 - 78% - 60% - 3:55
2 - 22% - 40% - 1:05
44 Defense
1 - 56% - 60% - 2:47
2 - 44% - 40% - 2:13
Last Minute Offensive  - 0:00
Last Minute Defensive  - 0:00
Total
Forward - 65:00
Defense - 65:00

% Time on Ice - Devils

Lines # - Real PCT - Wanted PCT - Time Play
Normal Forward
1 - 36% - 36% - 16:32
2 - 30% - 32% - 13:44
3 - 19% - 22% - 9:02
4 - 15% - 10% - 7:08
Normal Defense
1 - 38% - 40% - 17:35
2 - 34% - 35% - 15:36
3 - 29% - 25% - 13:15
4 - 0% - 0% - 0:00
PP Forward
1 - 57% - 60% - 6:27
2 - 43% - 40% - 4:56
PP Defense
1 - 54% - 60% - 6:10
2 - 46% - 40% - 5:13
PK Forward
1 - 66% - 60% - 1:27
2 - 34% - 40% - 0:44
PK Defense
1 - 58% - 60% - 1:16
2 - 42% - 40% - 0:55
PK3 Forward
1 - 0% - 60%
2 - 0% - 40%
PK3 Defense
1 - 0% - 60%
2 - 0% - 40%
44 Forward
1 - 80% - 60% - 4:01
2 - 20% - 40% - 0:59
44 Defense
1 - 54% - 60% - 2:42
2 - 46% - 40% - 2:18
Last Minute Offensive  - 0:00
Last Minute Defensive  - 0:00
Total
Forward - 65:00
Defense - 65:00

Play-by-Play

1st period


0:01 of 1st period - Steven Stamkos wins face-off versus Tyler Ennis in neutral zone.
0:04 of 1st period - Snap shot by Nikita Kucherov.
0:04 of 1st period - Shot Misses the Net.
0:06 of 1st period - Slapshot by Keith Aulie.
0:06 of 1st period - Deflect By Steven Stamkos.
0:06 of 1st period - Shot Misses the Net.
0:06 of 1st period - Puck is out of play.
0:07 of 1st period - Steven Stamkos wins face-off versus Nazem Kadri in Devils zone.
0:37 of 1st period - Slapshot by Kristopher Letang.
0:37 of 1st period - Deflect By Chris Stewart.
0:37 of 1st period - Stopped by Michal Neuvirth without a rebound.
0:38 of 1st period - Joe Colborne wins face-off versus Jamie Arniel in Penguins zone.
0:43 of 1st period - Wrist shot by Daniel Carcillo.
0:43 of 1st period - Deflect By Joe Colborne.
0:43 of 1st period - Stopped by Maxime Daigneault without a rebound.
0:44 of 1st period - Brad Richards wins face-off versus Joe Colborne in Devils zone.
1:09 of 1st period - Danny DeKeiser is hit by Zach Parise and loses puck.
1:45 of 1st period - Minor Penalty to Eric Tangradi for Elbowing.
1:46 of 1st period - Martin Samuelsson wins face-off versus Andrew Cogliano in Devils zone.
1:46 of 1st period - Martin Samuelsson is hit by Nikita Kucherov.
1:59 of 1st period - Snap shot by Nikita Kucherov.
1:59 of 1st period - Stopped by Maxime Daigneault without a rebound.
2:00 of 1st period - Steven Stamkos wins face-off versus Martin Samuelsson in Devils zone.
2:37 of 1st period - Snap shot by Gilbert Brule.
2:37 of 1st period - Shot Misses the Net.
3:40 of 1st period - Danny DeKeiser is hit by Zach Parise and loses puck.
3:45 of 1st period - Penalty to Eric Tangradi is over, Eric Tangradi is back on ice.
3:57 of 1st period - Wrist shot by Nazem Kadri.
3:57 of 1st period - Stopped by Michal Neuvirth without a rebound.
3:58 of 1st period - Joe Colborne wins face-off versus Nazem Kadri in Penguins zone.
4:03 of 1st period - Snap shot by Marian Gaborik.
4:03 of 1st period - Stopped by Michal Neuvirth without a rebound.
4:04 of 1st period - Nazem Kadri wins face-off versus Joe Colborne in Penguins zone.
4:35 of 1st period - Snap shot by Joe Colborne.
4:35 of 1st period - Shot Misses the Net.
4:37 of 1st period - Snap shot by Daniel Carcillo.
4:37 of 1st period - Stopped by Maxime Daigneault with a rebound.
4:39 of 1st period - Snap shot by Daniel Carcillo.
4:39 of 1st period - Stopped by Maxime Daigneault with a rebound.
4:57 of 1st period - Wrist shot by Daniel Carcillo.
4:57 of 1st period - Shot Blocked by Kristopher Letang.
4:59 of 1st period - Wrist shot by Joe Colborne.
4:59 of 1st period - Goal by Joe Colborne - Penguins : 1 - Devils : 0.
5:00 of 1st period - Steven Stamkos wins face-off versus Brad Richards in neutral zone.
5:03 of 1st period - Slapshot by Nikita Kucherov.
5:03 of 1st period - Shot Misses the Net.
5:27 of 1st period - Nazem Kadri is hit by Marcus Foligno and loses puck.
6:41 of 1st period - Snap shot by Gilbert Brule.
6:41 of 1st period - Deflect By Marcus Foligno.
6:41 of 1st period - Stopped by Maxime Daigneault without a rebound.
6:42 of 1st period - Gilbert Brule wins face-off versus Nazem Kadri in Devils zone.
6:45 of 1st period - Snap shot by Gilbert Brule.
6:45 of 1st period - Shot Misses the Net.
6:48 of 1st period - Icing by Michael Del Zotto.
6:49 of 1st period - Steven Stamkos wins face-off versus Nazem Kadri in Devils zone.
7:33 of 1st period - Minor Penalty to Keith Aulie for Hooking.
7:34 of 1st period - Steven Stamkos wins face-off versus Patrick Kaleta in Penguins zone.
7:48 of 1st period - Slapshot by Marian Gaborik.
7:48 of 1st period - Deflect By Sean Zimmerman.
7:48 of 1st period - Stopped by Michal Neuvirth with a rebound.
7:50 of 1st period - Snap shot by Tyler Ennis.
7:50 of 1st period - Shot Blocked by Daniel Carcillo.
9:33 of 1st period - Penalty to Keith Aulie is over, Keith Aulie is back on ice.
10:05 of 1st period - Thomas Hickey is hit by Marcus Foligno and loses puck.
10:20 of 1st period - Slapshot by Nikita Kucherov.
10:20 of 1st period - Shot Misses the Net.
10:49 of 1st period - Martin Samuelsson is hit by Joe Colborne and loses puck.
11:02 of 1st period - Michael Del Zotto is hit by Andreas Martinsen and loses puck.
11:22 of 1st period - Andrew Cogliano is hit by Thomas Hickey and loses puck.
13:01 of 1st period - Zach Parise is hit by Marcus Foligno and loses puck.
13:37 of 1st period - Kristopher Letang is hit by Keith Aulie and loses puck.
14:48 of 1st period - Josh Gorges is hit by Keith Aulie and loses puck.
15:15 of 1st period - Icing by Thomas Hickey.
15:16 of 1st period - Brad Richards wins face-off versus Gilbert Brule in Devils zone.
15:18 of 1st period - Martin Samuelsson is hit by Alexei Marchenko.
15:28 of 1st period - Snap shot by Brad Richards.
15:28 of 1st period - Shot Misses the Net.
15:30 of 1st period - Wrist shot by Brad Richards.
15:30 of 1st period - Stopped by Michal Neuvirth without a rebound.
15:31 of 1st period - Nazem Kadri wins face-off versus Steven Stamkos in Penguins zone.
15:36 of 1st period - Snap shot by Marian Gaborik.
15:36 of 1st period - Shot Misses the Net.
16:09 of 1st period - Anton Stralman is hit by Jeff Schultz and loses puck.
16:22 of 1st period - Wrist shot by Brad Richards.
16:22 of 1st period - Stopped by Michal Neuvirth with a rebound.
16:24 of 1st period - Minor Penalty to Cal Clutterbuck for Tripping.
16:25 of 1st period - Steven Stamkos wins face-off versus Patrick Kaleta in Penguins zone.
16:58 of 1st period - Chris Stewart is hit by Sean Zimmerman and loses puck.
18:24 of 1st period - Penalty to Cal Clutterbuck is over, Cal Clutterbuck is back on ice.
18:25 of 1st period - Slapshot by Sean Zimmerman.
18:25 of 1st period - Deflect By Joe Colborne.
18:25 of 1st period - Shot Misses the Net.
18:25 of 1st period - Puck is out of play.
18:26 of 1st period - Brad Richards wins face-off versus Gilbert Brule in Devils zone.
18:26 of 1st period - Brad Richards is hit by Gilbert Brule.
18:29 of 1st period - Thomas Hickey is hit by Alexei Marchenko and loses puck.
18:48 of 1st period - Minor Penalty to Brad Richardson for Tripping.
18:49 of 1st period - Steven Stamkos wins face-off versus Martin Samuelsson in Devils zone.
18:52 of 1st period - Slapshot by Steven Stamkos.
18:52 of 1st period - Shot Misses the Net.
18:58 of 1st period - Wrist shot by Nikita Kucherov.
18:58 of 1st period - Shot Blocked by Anton Stralman.
19:00 of 1st period - Backhand shot by Sean Zimmerman.
19:00 of 1st period - Deflect By Patrick Kaleta.
19:00 of 1st period - Goal by Sean Zimmerman - Penguins : 2 - Devils : 0.
19:01 of 1st period - Nazem Kadri wins face-off versus Steven Stamkos in neutral zone.
19:04 of 1st period - Wrist shot by Tyler Ennis.
19:04 of 1st period - Stopped by Michal Neuvirth with a rebound.
19:06 of 1st period - Snap shot by Tyler Ennis.
19:06 of 1st period - Goal by Tyler Ennis - Penguins : 2 - Devils : 1.
19:07 of 1st period - Nazem Kadri wins face-off versus Steven Stamkos in neutral zone.
19:19 of 1st period - Off-side.
19:20 of 1st period - Nazem Kadri wins face-off versus Steven Stamkos in neutral zone.
19:30 of 1st period - Anton Stralman is hit by Keith Aulie and loses puck.
19:44 of 1st period - Keith Aulie is hit by Anton Stralman and loses puck.
Goals for this period are 2 for Penguins vs 1 for Devils.
Shots for this period are 7 for Penguins vs 8 for Devils.

2nd period


0:01 of 2nd period - Nazem Kadri wins face-off versus Steven Stamkos in neutral zone.
0:06 of 2nd period - Snap shot by Nazem Kadri.
0:06 of 2nd period - Shot Blocked by Steven Stamkos.
0:27 of 2nd period - Michael Del Zotto is hit by Gilbert Brule.
0:35 of 2nd period - Wrist shot by Jamie Arniel.
0:35 of 2nd period - Shot Blocked by Danny DeKeiser.
0:37 of 2nd period - Slapshot by Kristopher Letang.
0:37 of 2nd period - Shot Blocked by Danny DeKeiser.
0:55 of 2nd period - Snap shot by Joe Colborne.
0:55 of 2nd period - Goal by Joe Colborne - Penguins : 3 - Devils : 1.
0:56 of 2nd period - Steven Stamkos wins face-off versus Nazem Kadri in neutral zone.
0:59 of 2nd period - Marian Gaborik is hit by Steven Stamkos and loses puck.
1:10 of 2nd period - Backhand shot by Tyler Ennis.
1:10 of 2nd period - Shot Misses the Net.
1:22 of 2nd period - Jeff Skinner is hit by Chris Stewart and loses puck.
2:24 of 2nd period - Wrist shot by Brad Richards.
2:24 of 2nd period - Stopped by Michal Neuvirth without a rebound.
2:25 of 2nd period - Steven Stamkos wins face-off versus Nazem Kadri in Penguins zone.
2:30 of 2nd period - Kristopher Letang is hit by Steven Stamkos and loses puck.
2:41 of 2nd period - Wrist shot by Marian Gaborik.
2:41 of 2nd period - Deflect By Tyler Ennis.
2:41 of 2nd period - Shot Hit the Post.
2:41 of 2nd period - Puck is out of play.
2:42 of 2nd period - Gilbert Brule wins face-off versus Jamie Arniel in Penguins zone.
2:59 of 2nd period - Slapshot by Jamie Arniel.
2:59 of 2nd period - Stopped by Michal Neuvirth without a rebound.
3:00 of 2nd period - Steven Stamkos wins face-off versus Nazem Kadri in Penguins zone.
3:17 of 2nd period - Wrist shot by Andrew Cogliano.
3:17 of 2nd period - Deflect By Steven Stamkos.
3:17 of 2nd period - Deflect By Kristopher Letang.
3:17 of 2nd period - Shot Misses the Net.
3:17 of 2nd period - Puck is out of play.
3:18 of 2nd period - Jamie Arniel wins face-off versus Gilbert Brule in Devils zone.
3:29 of 2nd period - Wrist shot by Chris Stewart.
3:29 of 2nd period - Stopped by Michal Neuvirth with a rebound.
3:45 of 2nd period - Anton Stralman is hit by Steven Stamkos and loses puck.
4:47 of 2nd period - Icing by Mark Stone.
4:48 of 2nd period - Gilbert Brule wins face-off versus Nazem Kadri in Penguins zone.
5:15 of 2nd period - Snap shot by Steven Stamkos.
5:15 of 2nd period - Stopped by Maxime Daigneault without a rebound.
5:16 of 2nd period - Steven Stamkos wins face-off versus Jamie Arniel in Devils zone.
5:48 of 2nd period - Sean Zimmerman is hit by Chris Stewart and loses puck.
5:53 of 2nd period - Snap shot by Chris Stewart.
5:53 of 2nd period - Shot Blocked by Daniel Carcillo.
5:55 of 2nd period - Snap shot by Chris Stewart.
5:55 of 2nd period - Stopped by Michal Neuvirth with a rebound.
7:03 of 2nd period - Slapshot by Daniel Carcillo.
7:03 of 2nd period - Shot Blocked by Thomas Hickey.
7:19 of 2nd period - Snap shot by Daniel Carcillo.
7:19 of 2nd period - Stopped by Maxime Daigneault with a rebound.
7:23 of 2nd period - Slapshot by Cal Clutterbuck.
7:23 of 2nd period - Stopped by Maxime Daigneault without a rebound.
7:24 of 2nd period - Nazem Kadri wins face-off versus Steven Stamkos in Devils zone.
7:24 of 2nd period - Nazem Kadri is hit by Danny DeKeiser.
7:55 of 2nd period - Slapshot by Michael Del Zotto.
7:55 of 2nd period - Shot Hit the Post.
8:29 of 2nd period - Slapshot by Michael Del Zotto.
8:29 of 2nd period - Shot Blocked by Alexei Marchenko.
8:39 of 2nd period - Josh Gorges is hit by Jeff Skinner and loses puck.
8:48 of 2nd period - Snap shot by Gilbert Brule.
8:48 of 2nd period - Stopped by Maxime Daigneault without a rebound.
8:49 of 2nd period - Nazem Kadri wins face-off versus Steven Stamkos in Devils zone.
8:49 of 2nd period - Nazem Kadri is hit by Nikita Kucherov.
9:15 of 2nd period - Anton Stralman is hit by Andreas Martinsen and loses puck.
9:57 of 2nd period - Jeff Schultz is hit by Tyler Ennis and loses puck.
10:46 of 2nd period - Icing by Gilbert Brule.
10:47 of 2nd period - Steven Stamkos wins face-off versus Brad Richards in Penguins zone.
11:33 of 2nd period - Daniel Carcillo is hit by Thomas Hickey and loses puck.
11:54 of 2nd period - Snap shot by Brad Richards.
11:54 of 2nd period - Shot Misses the Net.
11:56 of 2nd period - Wrist shot by Thomas Hickey.
11:56 of 2nd period - Shot Hit the Post.
11:58 of 2nd period - Slapshot by Mike Weber.
11:58 of 2nd period - Shot Misses the Net.
12:00 of 2nd period - Snap shot by Brad Richards.
12:00 of 2nd period - Goal by Brad Richards - Penguins : 3 - Devils : 2.
12:01 of 2nd period - Nazem Kadri wins face-off versus Steven Stamkos in neutral zone.
12:14 of 2nd period - Snap shot by Tyler Ennis.
12:14 of 2nd period - Shot Blocked by Sean Zimmerman.
12:16 of 2nd period - Wrist shot by Marian Gaborik.
12:16 of 2nd period - Goal by Marian Gaborik - Penguins : 3 - Devils : 3.
12:17 of 2nd period - Steven Stamkos wins face-off versus Tyler Ennis in neutral zone.
12:28 of 2nd period - Wrist shot by Anton Stralman.
12:28 of 2nd period - Shot Blocked by Nikita Kucherov.
12:30 of 2nd period - Snap shot by Nazem Kadri.
12:30 of 2nd period - Stopped by Michal Neuvirth with a rebound.
14:37 of 2nd period - Wrist shot by Thomas Hickey.
14:37 of 2nd period - Shot Blocked by Joe Colborne.
14:39 of 2nd period - Snap shot by Patrick Kaleta.
14:39 of 2nd period - Shot Blocked by Sean Zimmerman.
14:41 of 2nd period - Slapshot by Mike Weber.
14:41 of 2nd period - Deflect By Martin Samuelsson.
14:41 of 2nd period - Shot Misses the Net.
14:41 of 2nd period - Puck is out of play.
14:42 of 2nd period - Steven Stamkos wins face-off versus Nazem Kadri in Penguins zone.
15:09 of 2nd period - Gilbert Brule is hit by Anton Stralman.
15:34 of 2nd period - Patrick Kaleta is hit by Sean Zimmerman.
16:06 of 2nd period - Brad Richardson is hit by Jake McCabe.
16:07 of 2nd period - Icing by Brad Richardson.
16:08 of 2nd period - Nick Bonino wins face-off versus Steven Stamkos in Devils zone.
16:54 of 2nd period - Minor Penalty to Jeff Skinner for Boarding.
16:55 of 2nd period - Steven Stamkos wins face-off versus Patrick Kaleta in Penguins zone.
17:56 of 2nd period - Icing by Josh Gorges.
17:57 of 2nd period - Andrew Cogliano wins face-off versus Patrick Kaleta in Devils zone.
18:22 of 2nd period - Snap shot by Brad Richards.
18:22 of 2nd period - Goal by Brad Richards - Penguins : 3 - Devils : 4.
18:23 of 2nd period - Steven Stamkos wins face-off versus Marian Gaborik in neutral zone.
19:59 of 2nd period - Michael Del Zotto is hit by Joe Colborne and loses puck.
Goals for this period are 1 for Penguins vs 3 for Devils.
Shots for this period are 5 for Penguins vs 8 for Devils.

3rd period


0:01 of 3rd period - Jamie Arniel wins face-off versus Steven Stamkos in neutral zone.
0:10 of 3rd period - Minor Penalty to Andrew Cogliano for Hooking.
0:11 of 3rd period - Patrick Kaleta wins face-off versus Steven Stamkos in Penguins zone.
0:20 of 3rd period - Wrist shot by Marian Gaborik.
0:20 of 3rd period - Stopped by Michal Neuvirth without a rebound.
0:21 of 3rd period - Patrick Kaleta wins face-off versus Steven Stamkos in Penguins zone.
0:22 of 3rd period - Snap shot by Marian Gaborik.
0:22 of 3rd period - Deflect By Patrick Kaleta.
0:22 of 3rd period - Shot Misses the Net.
0:22 of 3rd period - Puck is out of play.
0:23 of 3rd period - Steven Stamkos wins face-off versus Patrick Kaleta in Penguins zone.
0:32 of 3rd period - Snap shot by Tyler Ennis.
0:32 of 3rd period - Stopped by Michal Neuvirth with a rebound.
0:34 of 3rd period - Slapshot by Kristopher Letang.
0:34 of 3rd period - Stopped by Michal Neuvirth without a rebound.
0:35 of 3rd period - Steven Stamkos wins face-off versus Patrick Kaleta in Penguins zone.
1:12 of 3rd period - Snap shot by Zach Parise.
1:12 of 3rd period - Stopped by Michal Neuvirth without a rebound.
1:13 of 3rd period - Cal Clutterbuck wins face-off versus Patrick Kaleta in Penguins zone.
1:22 of 3rd period - Snap shot by Tyler Ennis.
1:22 of 3rd period - Stopped by Michal Neuvirth without a rebound.
1:23 of 3rd period - Steven Stamkos wins face-off versus Tyler Ennis in Penguins zone.
1:40 of 3rd period - Snap shot by Marian Gaborik.
1:40 of 3rd period - Stopped by Michal Neuvirth without a rebound.
1:41 of 3rd period - Steven Stamkos wins face-off versus Brad Richards in Penguins zone.
2:10 of 3rd period - Penalty to Andrew Cogliano is over, Andrew Cogliano is back on ice.
2:34 of 3rd period - Slapshot by Eric Tangradi.
2:34 of 3rd period - Shot Misses the Net.
2:36 of 3rd period - Wrist shot by Nick Bonino.
2:36 of 3rd period - Shot Misses the Net.
3:27 of 3rd period - Steven Stamkos is hit by Mike Weber.
3:41 of 3rd period - Snap shot by Steven Stamkos.
3:41 of 3rd period - Shot Blocked by Tyler Ennis.
3:43 of 3rd period - Slapshot by Andrew Cogliano.
3:43 of 3rd period - Stopped by Maxime Daigneault with a rebound.
3:45 of 3rd period - Snap shot by Andrew Cogliano.
3:45 of 3rd period - Shot Blocked by Thomas Hickey.
3:47 of 3rd period - Slapshot by Jake McCabe.
3:47 of 3rd period - Stopped by Maxime Daigneault with a rebound.
3:49 of 3rd period - Backhand shot by Alexei Marchenko.
3:49 of 3rd period - Stopped by Maxime Daigneault without a rebound.
3:50 of 3rd period - Gilbert Brule wins face-off versus Jamie Arniel in Devils zone.
4:05 of 3rd period - Jake McCabe is hit by Zach Parise.
4:11 of 3rd period - Joe Colborne is hit by Zach Parise and loses puck.
4:18 of 3rd period - Jamie Arniel is hit by Jake McCabe.
4:49 of 3rd period - Icing by Keith Aulie.
4:50 of 3rd period - Nazem Kadri wins face-off versus Sean Monahan in Penguins zone.
5:01 of 3rd period - Wrist shot by Sean Monahan.
5:01 of 3rd period - Stopped by Maxime Daigneault with a rebound.
5:15 of 3rd period - Slapshot by Sean Monahan.
5:15 of 3rd period - Stopped by Maxime Daigneault with a rebound.
5:17 of 3rd period - Slapshot by Danny DeKeiser.
5:17 of 3rd period - Shot Blocked by Michael Del Zotto.
5:19 of 3rd period - Slapshot by Keith Aulie.
5:19 of 3rd period - Shot Blocked by Josh Gorges.
5:21 of 3rd period - Slapshot by Keith Aulie.
5:21 of 3rd period - Shot Misses the Net.
5:23 of 3rd period - Wrist shot by Mark Stone.
5:23 of 3rd period - Goal by Mark Stone - Penguins : 4 - Devils : 4.
5:24 of 3rd period - Steven Stamkos wins face-off versus Jamie Arniel in neutral zone.
6:14 of 3rd period - Snap shot by Marcus Foligno.
6:14 of 3rd period - Shot Misses the Net.
7:10 of 3rd period - Wrist shot by Nazem Kadri.
7:10 of 3rd period - Stopped by Michal Neuvirth with a rebound.
7:12 of 3rd period - Slapshot by Thomas Hickey.
7:12 of 3rd period - Stopped by Michal Neuvirth with a rebound.
8:19 of 3rd period - Off-side.
8:20 of 3rd period - Andreas Martinsen wins face-off versus Nazem Kadri in neutral zone.
8:23 of 3rd period - Snap shot by Sean Monahan.
8:23 of 3rd period - Stopped by Maxime Daigneault with a rebound.
8:33 of 3rd period - Snap shot by Sean Monahan.
8:33 of 3rd period - Shot Misses the Net.
8:35 of 3rd period - Slapshot by Danny DeKeiser.
8:35 of 3rd period - Deflect By Mark Stone.
8:35 of 3rd period - Shot Blocked by Tyler Ennis.
8:35 of 3rd period - Puck is out of play.
8:36 of 3rd period - Jamie Arniel wins face-off versus Steven Stamkos in Devils zone.
8:36 of 3rd period - Jamie Arniel is hit by Andrew Cogliano.
8:59 of 3rd period - Minor Penalty to Steven Stamkos for Holding.
9:00 of 3rd period - Gilbert Brule wins face-off versus Patrick Kaleta in Penguins zone.
10:59 of 3rd period - Penalty to Steven Stamkos is over, Steven Stamkos is back on ice.
12:27 of 3rd period - Kristopher Letang is hit by Nikita Kucherov and loses puck.
12:44 of 3rd period - Nick Bonino is hit by Danny DeKeiser and loses puck.
13:59 of 3rd period - Icing by Andrew Cogliano.
14:00 of 3rd period - Steven Stamkos wins face-off versus Nazem Kadri in Penguins zone.
14:27 of 3rd period - Snap shot by Marcus Foligno.
14:27 of 3rd period - Shot Misses the Net.
14:29 of 3rd period - Snap shot by Jake McCabe.
14:29 of 3rd period - Shot Blocked by Anton Stralman.
15:23 of 3rd period - Off-side.
15:24 of 3rd period - Joe Colborne wins face-off versus Nazem Kadri in neutral zone.
15:27 of 3rd period - Slapshot by Cal Clutterbuck.
15:27 of 3rd period - Shot Misses the Net.
15:35 of 3rd period - Snap shot by Marian Gaborik.
15:35 of 3rd period - Shot Misses the Net.
15:37 of 3rd period - Snap shot by Tyler Ennis.
15:37 of 3rd period - Shot Misses the Net.
16:03 of 3rd period - Snap shot by Andrew Cogliano.
16:03 of 3rd period - Stopped by Maxime Daigneault with a rebound.
16:32 of 3rd period - Icing by Zach Parise.
16:33 of 3rd period - Nazem Kadri wins face-off versus Sean Monahan in Devils zone.
16:33 of 3rd period - Nazem Kadri is hit by Sean Monahan.
16:49 of 3rd period - Wrist shot by Tyler Ennis.
16:49 of 3rd period - Stopped by Michal Neuvirth with a rebound.
16:55 of 3rd period - Minor Penalty to Mark Stone for Tripping.
16:56 of 3rd period - Steven Stamkos wins face-off versus Patrick Kaleta in Penguins zone.
17:07 of 3rd period - Slapshot by Sean Zimmerman.
17:07 of 3rd period - Shot Misses the Net.
17:34 of 3rd period - Snap shot by Brad Richards.
17:34 of 3rd period - Shot Misses the Net.
18:10 of 3rd period - Anton Stralman is hit by Cal Clutterbuck and loses puck.
18:55 of 3rd period - Penalty to Mark Stone is over, Mark Stone is back on ice.
19:02 of 3rd period - Daniel Carcillo is hit by Kristopher Letang and loses puck.
19:17 of 3rd period - Snap shot by Daniel Carcillo.
19:17 of 3rd period - Stopped by Maxime Daigneault without a rebound.
19:18 of 3rd period - Nazem Kadri wins face-off versus Steven Stamkos in Devils zone.
Goals for this period are 1 for Penguins vs 0 for Devils.
Shots for this period are 9 for Penguins vs 9 for Devils.

Overtime #1


0:01 of 1st overtime period - Zach Parise wins face-off versus Steven Stamkos in neutral zone.
0:48 of 1st overtime period - Slapshot by Michael Del Zotto.
0:48 of 1st overtime period - Shot Blocked by Gilbert Brule.
1:33 of 1st overtime period - Anton Stralman is hit by Marcus Foligno and loses puck.
1:57 of 1st overtime period - Michael Del Zotto is hit by Gilbert Brule and loses puck.
2:02 of 1st overtime period - Snap shot by Andrew Cogliano.
2:02 of 1st overtime period - Stopped by Maxime Daigneault without a rebound.
2:03 of 1st overtime period - Steven Stamkos wins face-off versus Zach Parise in Devils zone.
2:48 of 1st overtime period - Jeff Skinner is hit by Patrick Kaleta and loses puck.
3:33 of 1st overtime period - Nikita Kucherov is hit by Kristopher Letang and loses puck.
Goals for this period are 0 for Penguins vs 0 for Devils.
Shots for this period are 1 for Penguins vs 0 for Devils.

ShootOut


5:00 of 1st overtime period - Round #1.
5:00 of 1st overtime period - Penguins, Nikita Kucherov.
5:00 of 1st overtime period - Wrist shot by Nikita Kucherov.
5:00 of 1st overtime period - Shot Misses the Net.
5:00 of 1st overtime period - Devils, Marian Gaborik.
5:00 of 1st overtime period - Backhand shot by Marian Gaborik.
5:00 of 1st overtime period - Goal by Marian Gaborik.
5:00 of 1st overtime period - Round #2.
5:00 of 1st overtime period - Penguins, Steven Stamkos.
5:00 of 1st overtime period - Backhand shot by Steven Stamkos.
5:00 of 1st overtime period - Goal by Steven Stamkos.
5:00 of 1st overtime period - Devils, Tyler Ennis.
5:00 of 1st overtime period - Backhand shot by Tyler Ennis.
5:00 of 1st overtime period - Stopped by Michal Neuvirth.
5:00 of 1st overtime period - Round #3.
5:00 of 1st overtime period - Penguins, Andrew Cogliano.
5:00 of 1st overtime period - Wrist shot by Andrew Cogliano.
5:00 of 1st overtime period - Goal by Andrew Cogliano.
5:00 of 1st overtime period - Devils, Brad Richards.
5:00 of 1st overtime period - Snap shot by Brad Richards.
5:00 of 1st overtime period - Stopped by Michal Neuvirth.